 Dungeon Crawl Stone Soup version 0.32-a0-576-g706899e69d (webtiles) character file.

Game seed: 4579406007179069115

7224 ragingrage the Skirmisher (level 10, -3/94 HPs)
             Began as a Pale Draconian Hexslinger on Mar 2, 2024.
             Was a Believer of Hepliaklqana.
             Slain by a wolf (5 damage)
             ... on level 1 of the Lair of Beasts.
             The game lasted 00:17:59 (10045 turns).

ragingrage the Skirmisher (DrHs)                   Turns: 10045, Time: 00:18:00

Health: -3/94      AC: 25    Str: 10    XL:     10   Next: 88%
Magic:  4/11       EV:  2    Int: 15    God:    Hepliaklqana [**....]
Gold:   338        SH:  0    Dex: 17    Spells: 3/11 levels left

rFire   . . .        a - +0 orcbow (drain)
rCold   + . .        (shield currently unavailable)
rNeg    . . .        (body armour unavailable)
rPois   +            (helmet currently unavailable)
rElec   .            (cloak currently unavailable)
rCorr   .            u - melded +2 pair of gloves
SInv    .            (boots currently unavailable)
Will    +....        (no amulet)
Stlth   ++           m - ring of protection from fire
HPRegen 0.35/turn    h - ring of ice
MPRegen 0.12/turn

%: no passive effects
@: brilliant, tree-form, enlightened
A: stationary, stasis, torment immunity, boosted hp, reduced essence, (steam
breath), AC +7, unfitting armour, (cold-blooded), (steam resistance)
a: Renounce Religion, Recall Ancestor, Ancestor Identity


You were on level 1 of the Lair of Beasts.
You worshipped Hepliaklqana.
Hepliaklqana was pleased with you.
You were a tree.
You visited 3 branches of the dungeon, and saw 10 of its levels.
You also visited: Ossuary.

You collected 338 gold pieces.

Inventory:

Hand Weapons
 a - a +0 orcbow of draining (weapon)
 b - a +0 rapier of venom
 F - a +3 trident of draining
Missiles
 q - 29 poisoned darts
 H - 2 curare-tipped darts
Armour
 t - an orb of energy
 u - a +2 pair of gloves (melded)
Jewellery
 c - a ring of fire
 h - a ring of ice (right branch)
 m - a ring of protection from fire (left branch)
 y - a ring of resist corrosion
Wands
 i - a wand of quicksilver (6)
 w - a wand of roots (10)
 C - a wand of paralysis (9)
Scrolls
 e - a scroll of amnesia
 j - 2 scrolls of fear
 l - a scroll of blinking
 o - 3 scrolls of revelation
 p - a scroll of enchant weapon {unknown}
 r - 2 scrolls of fog
 v - 3 scrolls of poison
 x - a scroll of butterflies {unknown}
 B - a scroll of vulnerability {unknown}
 D - 3 scrolls of teleportation {unknown}
 J - a scroll of enchant armour
Potions
 f - 6 potions of enlightenment
 g - 2 potions of heal wounds {unknown}
 k - 8 potions of curing
 n - 4 potions of brilliance
 A - a potion of might {unknown}
 E - 2 potions of ambrosia {unknown}
 G - a potion of attraction {unknown}
 I - a potion of mutation {unknown}


   Skills:
 - Level 1.1 Fighting
 * Level 14.5 Ranged Weapons
 - Level 1.7 Dodging
 - Level 2.0 Stealth
 - Level 1.0 Spellcasting
 - Level 5.0 Hexes
 - Level 2.0 Fire Magic


You had 3 spell levels left.
You knew the following spells:

 Your Spells              Type           Power      Damage    Failure   Level
a - Jinxbite              Hex            46%        N/A       4%          2
b - Inner Flame           Hex/Fire       16%        N/A       17%         3
c - Tukima's Dance        Hex            23%        N/A       10%         3

Your spell library contained the following spells:

 Spells                   Type           Power      Damage    Failure   Level
 Sigil of Binding         Hex            23%        N/A       10%         3
 Apportation              Tloc           2%         N/A       24%         1
 Necrotise                Necr           4%         1d4       24%         1
 Sting                    Conj/Alch      4%         1d3       24%         1
 Summon Small Mammal      Summ           4%         N/A       24%         1
 Dazzling Flash           Conj/Hex       24%        N/A       26%         3
 Mephitic Cloud           Conj/Alch/Air  1%         N/A       58%         3
 Stone Arrow              Conj/Erth      2%         3d7       58%         3
 Cause Fear               Hex            11%        N/A       30%         4
 Dimensional Bullseye     Hex/Tloc       6%         N/A       65%         4
 Iskenderun's Mystic Bla  Conj/Tloc      1%         2d3       94%         4
 Silence                  Hex/Air        6%         N/A       94%         5
 Curse of Agony           Necr           1%         N/A       100%        5
 Lehudib's Crystal Spear  Conj/Erth      0%         10d2      100%        8
 Animate Armour           Summ/Erth      Unusable   N/A       N/A         4

Dungeon Overview and Level Annotations

Branches:
Dungeon (8/15)             Temple (1/1) D:6            Lair (1/5) D:8
Ossuary (visited)

Altars:
Ashenzari
Cheibriados
Dithmenos
Elyvilon
Fedhas
Gozag
Hepliaklqana
Kikubaaqudgha
Makhleb
Nemelex Xobeh
Okawaru
Qazlal
Ru
Sif Muna
Trog
Uskayaw
Vehumet
Wu Jian
Xom
Yredelemnul
Zin
The Shining One

Annotations:
D:3 exclusion: 2 downstairs
D:4 exclusion: downstairs
D:6 1 runed translucent door, Crazy Yiuf
D:8 4 transporters
Lair:1 Gastronok


Innate Abilities, Weirdness & Mutations

You are a tree.
Your roots penetrate the ground, keeping you stationary.
You cannot be teleported.
You are immune to unholy pain and torment.
Your maximum health is greatly increased.
Your equipment is partially melded.
Your life essence is reduced to manifest your ancestor. (-10% HP)
((You can breathe blasts of scalding, opaque steam.))
((Your pale cyan-grey scales are hard. (AC +7)))
You cannot fit into any form of body armour.
((You are cold-blooded and may be slowed by cold attacks.))
((You are immune to the effects of steam.))


Message History

It was a potion of enlightenment.
You feel very buoyant.
You fly up into the air.
The wolf bites you.
* * * LOW HITPOINT WARNING * * *
The wolf bites you!
* * * LOW HITPOINT WARNING * * *
The wolf closely misses you. The wolf bites you but does no damage.
The komodo dragon barely misses Soposh.
Soposh closely misses the komodo dragon.
It was a potion of lignification.
You turn into a tree.
Your +2 pair of gloves melds into your body.
Your roots penetrate the ground.
The wolf bites you but does no damage. The wolf bites you.
* * * LOW HITPOINT WARNING * * *
Soposh blocks the komodo dragon's attack.
The wolf barely misses you. x2
It was a potion of curing.
You feel better.
The wolf bites you but does no damage. x2
Soposh hits the komodo dragon with a +0 flail.
The komodo dragon bites Soposh!!
Aiming: Fastroot
Press: ? - help, Shift-Dir - straight line, f/p - wolf
Aim: a wolf (moderately wounded)
The roots erupt in riotous growth!
Roots grab the wolf. x3
The grasping roots constrict the wolf!
The grasping roots constrict the wolf. x2
The wolf bites you but does no damage. x4
The komodo dragon barely misses Soposh.
Soposh barely misses the komodo dragon.
It was a potion of brilliance.
You feel clever all of a sudden.
The grasping roots constrict the wolf.
The grasping roots constrict the wolf! x2
The wolf escapes!
The wolf bites you.
* * * LOW HITPOINT WARNING * * *
The wolf struggles to escape constriction.
The wolf bites you.
* * * LOW HITPOINT WARNING * * *
Soposh blocks the komodo dragon's attack.
The wolf bites you.
You die...
Hepliaklqana delivers you to your ancestors.

...................
##................
####l...#..........
##R.#####........
##...# ###.....
#....# #†... #h.###
#...# ##.h# ##...#
#h♣## #..... ###.##
##..... #...##
#...##. ###...#
##..###. ##..####
#...# >. #....#
##..##### #..###
#..## # ##.P#
##...# # #...#
#...##


You could see the friendly Soposh the knight, a komodo dragon (ally target) and
3 wolves.

Vanquished Creatures
  Joseph (D:7)
  Jeremiah (D:7)
  A komodo dragon (Lair:1)
  Prince Ribbit (D:5)
  A wyvern (D:8)
  A basilisk (D:8)
  Eustachio (D:4)
  3 yaks (D:8)
  Duvessa (D:7)
  5 water moccasins
  An orc warrior (D:8)
  3 ice beasts
  5 black bears
  An ogre (D:4)
  A centaur (D:5)
  2 bullfrogs
  4 kobold brigands
  A scorpion (D:5)
  5 water moccasin zombies (Ossuary)
  A burial acolyte (Ossuary)
  2 howler monkeys
  3 bombardier beetles
  6 hounds
  A jelly (D:6)
  4 orc priests
  A sleepcap (D:5)
  A spectral scorpion (Ossuary)
  3 orc wizards
  2 crocodile zombies (Ossuary)
  2 mummies (Ossuary)
  6 adders
  20 gnolls
  A shadow imp (D:7)
  2 white imps
  6 ufetubi
  4 adder zombies (Ossuary)
  4 dart slugs
  2 ribbon worms
  30 orcs
  3 bats (D:2)
  9 endoplasms
  3 giant cockroaches
  5 goblins
  7 hobgoblins
  7 jackals
  A quokka (D:2)
  8 ball pythons
  2 frilled lizards
  8 gnoll zombies (Ossuary)
  2 jackal zombies (Ossuary)
  26 kobolds
  3 orc zombies (Ossuary)
  3 rats (D:1)
227 creatures vanquished.

Vanquished Creatures (collateral kills)
  A cane toad (Lair:1)
  A hornet (D:8)
  A wyvern (D:8)
  3 yaks (D:8)
  A basilisk (D:8)
  A water moccasin (D:8)
  An ice beast (D:7)
  2 black bears
  A centaur (D:8)
  A bullfrog (D:8)
  Dowan (D:7)
  2 orcs (D:8)
  7 kobolds
23 creatures vanquished.

Vanquished Creatures (others)
  3 ancestors
3 creatures vanquished.

Grand Total: 253 creatures vanquished

Notes
Turn   | Place    | Note
-------+----------+-------------------------------------------
     0 | D:1      | ragingrage the Draconian Hexslinger began the quest for the
                  | Orb.
     0 | D:1      | Reached XP level 1. HP: 16/16 MP: 2/2
    73 | D:1      | Reached skill level 2 in Ranged Weapons
   153 | D:1      | Reached XP level 2. HP: 23/23 MP: 3/3
   156 | D:1      | Learned a level 2 spell: Jinxbite
   524 | D:1      | Reached skill level 1 in Stealth
   798 | D:2      | Reached XP level 3. HP: 25/28 MP: 1/4
  1613 | D:2      | Reached XP level 4. HP: 35/35 MP: 5/5
  2040 | D:2      | Reached skill level 3 in Ranged Weapons
  2283 | D:2      | Learned a level 3 spell: Inner Flame
  2465 | D:3      | Reached XP level 5. HP: 40/40 MP: 3/6
  2566 | D:3      | Reached skill level 4 in Ranged Weapons
  2755 | D:3      | Found a faded altar of an unknown god.
  3405 | D:3      | Found a stormy altar of Qazlal.
  3451 | D:4      | Noticed an ogre
  3461 | D:3      | Reached XP level 6. HP: 28/47 MP: 4/7
  3588 | D:4      | Found a broken altar of Ashenzari.
  3870 | D:4      | Reached skill level 5 in Ranged Weapons
  4086 | D:4      | Reached skill level 6 in Ranged Weapons
  4086 | D:4      | Your scales start taking on a pale cyan-grey colour.
  4086 | D:4      | Reached XP level 7. HP: 52/52 MP: 6/8
  4086 | D:4      | Gained mutation: You are immune to the effects of steam.
                  | [Pale Draconian growth]
  4394 | D:5      | Entered Level 5 of the Dungeon
  4413 | D:5      | Noticed Prince Ribbit
  4432 | D:5      | Killed Prince Ribbit
  4433 | D:5      | Reached skill level 7 in Ranged Weapons
  4453 | D:5      | Noticed Eustachio
  4817 | D:4      | Killed Eustachio
  4993 | D:4      | Reached XP level 8. HP: 43/59 MP: 6/9
  5114 | D:5      | Reached skill level 8 in Ranged Weapons
  5887 | D:5      | Learned a level 3 spell: Tukima's Dance
  5945 | D:6      | Reached skill level 9 in Ranged Weapons
  6032 | D:6      | Found a staircase to the Ecumenical Temple.
  6041 | Temple   | Entered the Ecumenical Temple
  6054 | Temple   | Became a worshipper of Hepliaklqana the Forgotten
  6181 | D:6      | Reached skill level 5 in Hexes
  6341 | D:6      | Found a sand-covered staircase.
  6350 | Ossuary  | Entered an ossuary
  6462 | Ossuary  | Reached XP level 9. HP: 57/64 MP: 8/10
  6541 | Ossuary  | Reached skill level 10 in Ranged Weapons
  7069 | D:6      | Found a runed translucent door.
  7070 | D:6      | Noticed Crazy Yiuf
  7421 | D:7      | Reached * piety under Hepliaklqana
  7502 | D:7      | Reached skill level 11 in Ranged Weapons
  7538 | D:7      | Noticed Dowan
  7550 | D:7      | Noticed Duvessa
  7845 | D:7      | Noticed Jeremiah
  7890 | D:7      | Killed Jeremiah
  8175 | D:7      | Killed Duvessa
  8180 | D:7      | Killed Dowan
  8476 | D:7      | Noticed Joseph
  8508 | D:7      | Killed Joseph
  8509 | D:7      | Reached skill level 12 in Ranged Weapons
  8645 | D:7      | Found a faded altar of an unknown god.
  8645 | D:7      | Found a faded altar of an unknown god.
  8652 | D:7      | Found a blossoming altar of Fedhas.
  8654 | D:7      | Found an opulent altar of Gozag.
  8656 | D:7      | Found a white marble altar of Elyvilon.
  8745 | D:8      | Found a transporter.
  8747 | D:8      | Found a transporter.
  8749 | D:8      | Found a transporter.
  8840 | D:8      | Found a basalt altar of Yredelemnul.
  8855 | D:8      | Reached XP level 10. HP: 63/63 MP: 6/11
  9028 | D:8      | Found a staircase to the Lair.
  9147 | D:8      | Reached ** piety under Hepliaklqana
  9148 | D:8      | Remembered your ancestor Soposh as a knight
  9150 | D:8      | Found a transporter.
  9301 | D:8      | Reached skill level 13 in Ranged Weapons
  9648 | D:8      | Reached skill level 14 in Ranged Weapons
  9911 | Lair:1   | Entered Level 1 of the Lair of Beasts
  9968 | Lair:1   | Noticed a cane toad
  9974 | Lair:1   | Killed a cane toad
 10023 | Lair:1   | Noticed Gastronok
 10042 | Lair:1   | HP: 3/94 [wolf (4)]
 10045 | Lair:1   | Slain by a wolf

Illustrated notes

Levels and vault maps discovered:
D:1:      eino_arrival_cavern_a, layout_basic
D:2:      layout_basic
D:3:      layout_basic, mainiacjoe_overflow_alcove_2,
          chequers_ecumenical_altar_simple_redux
D:4:      layout_rooms, ashenzari_altar_1, serial_glass, glass_columns_a,
          glass_columns_c
D:5:      layout_cave_pools, uniq_eustachio, uniq_prince_ribbit1
D:6:      layout_cave_pools, minmay_temple_entry_ruins,
          chequers_ossuary_entry_cave, uniq_crazy_yiuf_cottage
D:7:      layout_basic, chequers_temple_overflow_minitemple, uniq_joseph,
          uniq_jeremiah, uniq_duvessa
D:8:      layout_basic, lemuel_round_altar, minmay_lair_entry_grove,
          nicolae_diode_quadrants
Temple:   regret_index_temple_sphere_string
Lair:1:   layout_cave_pods, uniq_gastronok

Skill      XL: |  1  2  3  4  5  6  7  8  9 10 |
---------------+-------------------------------+-----
Ranged Weapons | 2 3 4 6 7 9 12 14 | 14.5
Hexes          | 3 4 5 |  5.0
Stealth        | 1 2 |  2.0
Fire Magic     | 2 |  2.0
Fighting       | |  1.1
Dodging        | |  1.7
Spellcasting   | |  1.0

Action                     |  1- 3 |  4- 6 |  7- 9 | 10-12 || total
---------------------------+-------+-------+-------+-------++-------
  Melee: Rapier            |       |       |    11 |       ||    11
         Tailslap          |       |       |     3 |       ||     3
   Fire: Sling             |    83 |   241 |   491 |   132 ||   947
         Orcbow            |       |       |       |    13 ||    13
   Cast: Jinxbite          |    14 |    37 |    63 |    19 ||   133
 Invoke: Recall Ancestor   |       |       |     2 |     6 ||     8
         Ancestor Life: Kn |       |       |       |     1 ||     1
Ability: Steam Breath      |       |       |     6 |     3 ||     9
  Evoke: Wand              |       |       |     1 |     1 ||     2
    Use: Scroll            |       |     5 |     4 |     1 ||    10
         Potion            |       |       |       |     4 ||     4
   Stab: Distracted        |       |       |     1 |       ||     1
 Armour: Skin              |    23 |    87 |   214 |    47 ||   371
  Dodge: Dodged            |    19 |   117 |   226 |    39 ||   401

Table legend: (Time is in decaauts)
 A = Elapsed time spent in this place.
 B = Non-inter-level travel time spent in this place.
 C = Inter-level travel time spent in this place.
 D = Time resting spent in this place.
 E = Time spent auto-exploring this place.
 F = Levels seen in this place.
 G = Mean time per level.
                   A        B        C        D        E       F      G
               +--------+--------+--------+--------+--------+-----+--------+
         Total |  10063 |   9176 |    887 |   2268 |   4721 |  11 |  914.8 |
       Dungeon |   9535 |   8674 |    861 |   2133 |   4555 |   8 | 1191.9 |
        Temple |     26 |      1 |     25 |      0 |      0 |   1 |   26.0 |
          Lair |    131 |    131 |      0 |      0 |     95 |   1 |  131.0 |
       Ossuary |    369 |    369 |      0 |    135 |     71 |   1 |  369.0 |
               +--------+--------+--------+--------+--------+-----+--------+

Top non-repeatable levels by time:
     D:3: 1556 daAuts
     D:2: 1522 daAuts
     D:7: 1339 daAuts
     D:8: 1160 daAuts
     D:6: 1055 daAuts
     D:5: 1019 daAuts
     D:4: 982 daAuts
     D:1: 899 daAuts
 Ossuary: 369 daAuts
  Lair:1: 131 daAuts
  Temple: 26 daAuts
